 Dungeon Crawl Stone Soup version 0.30-a0-568-g124715a40b (webtiles) character file.

Game seed: 9167049658951049813

293 OTABOTABOTAB the Insei (level 6, -8/35 (38) HPs)
             Began as an Octopode Transmuter on Dec 28, 2022.
             Mangled by a wight
             ... wielding a +3 hand axe
              (14 damage)
             ... on level 7 of the Dungeon.
             The game lasted 00:04:55 (3018 turns).

OTABOTABOTAB the Insei (Octopode Transmuter)        Turns: 3018, Time: 00:04:55

HP:   -8/35 (38)    AC:  1    Str: 11    XL:     6   Next: 33%
MP:   9/9           EV: 13    Int: 16    God:
Gold: 196           SH:  0    Dex: 12    Spells: 1/9 levels left

rFire   . . .      SeeInvis .      - Unarmed
rCold   . . .      Faith    .    (no shield)
rNeg    . . .      Spirit   .    (helmet currently unavailable)
rPois   .          Reflect  .    m - amulet of regeneration
rElec   .          Harm     .    (no ring)
rCorr   .          Rampage  .    (no ring)
Will    .....                    (no ring)
Stlth   ++                       (no ring)
HPRegen 1.05/turn                (no ring)
MPRegen 0.11/turn                (no ring)
                                 (no ring)
                                 (no ring)

@: appendages, drained
A: tentacle spike 3, almost no armour, amphibious, 8 rings, camouflage 1,
gelatinous body 1, (nimble swimmer 1), tentacles
a: End Transformation


You were on level 7 of the Dungeon.
One of your tentacles had grown a beastly spike.
You visited 1 branch of the dungeon, and saw 5 of its levels.

You collected 196 gold pieces.

Inventory:

Missiles
 g - 13 poisoned darts
 o - a boomerang
Jewellery
 m - an amulet of regeneration (around mantle)
   (You found it on level 3 of the Dungeon)
Scrolls
 a - a scroll of enchant armour {unknown}
 b - 2 scrolls of enchant weapon {unknown}
 d - a scroll of teleportation {unknown}
 h - a scroll of magic mapping {unknown}
 i - a scroll of vulnerability {unknown}
 j - 2 scrolls of fog {unknown}
 l - 2 scrolls of identify {unknown}
 p - a scroll of noise {unknown}
Potions
 c - 3 potions of curing {unknown}
 e - 2 potions of berserk rage {unknown}
 f - a potion of attraction {unknown}
 k - 2 potions of flight {unknown}
 n - a potion of degeneration {unknown}
 P - a potion of lignification {!q}


   Skills:
 - Level 1.0 Fighting
 - Level 2.0 Dodging
 + Level 5.0 Unarmed Combat
 - Level 2.0 Spellcasting
 + Level 4.4 Transmutations
 + Level 1.3 Ice Magic
 + Level 1.6 Poison Magic


You had one spell level left.
You knew the following spells:

 Your Spells              Type           Power      Damage    Failure   Level
a - Beastly Appendage     Tmut           30%        N/A       3%          1
b - Ice Form              Ice/Tmut       10%        N/A       54%         4
c - Spider Form           Tmut/Pois      11%        N/A       19%         3

Your spell library contained the following spells:

 Spells                   Type           Power      Damage    Failure   Level
 Wereblood                Tmut           15%        N/A       4%          2


Dungeon Overview and Level Annotations

Branches:
Dungeon (4/15)
 Temple: D:4-7

Altars:
Hepliaklqana
Nemelex Xobeh
Qazlal
Wu Jian

Annotations:
D:4 Grinder


Innate Abilities, Weirdness & Mutations

One of your tentacles has grown a beastly spike.
You cannot wear most types of armour.
You are amphibious.
You can wear up to eight rings at the same time.
Your skin changes colour to match your surroundings (Stealth+).
Your rubbery body absorbs attacks. (AC +1, EV +1)
((You are camouflaged when in or above water. (Stealth+)))
You have tentacles for arms and can constrict up to eight enemies at once.


Message History

Where to? (Enter - D:3 @ (x,y), ? - help)
There is a stone staircase leading down here.
You climb downwards.
Level annotation: Grinder
There is a stone staircase leading up here.
A hound is nearby!
A hound is nearby!
One of your tentacles grows a vicious spike.
You now have 8/9 mp.
The hound bites you.
You take 5 damage, and have 33/38 hp.
You closely miss the hound. You grab the hound.
You pierce the hound, but do no damage.
You constrict the hound, but do no damage.
The hound bites you.
You tentacle-slap the hound. You constrict the hound. The hound bites you.
You take 5 damage, and have 28/38 hp.
Unknown command.
You tentacle-slap the hound. You squeeze the hound! You constrict the hound.
You kill the hound!
Your Unarmed Combat skill increases to level 5!
No target in view!
No target in view!
Your tentacle spike disappears.
You see here a +0 leather armour.
p - a scroll labelled POJ USEUBROPS Health restored: 38; MP restored: 9 A hobgoblin comes into view.
A hobgoblin is nearby!
One of your tentacles grows a vicious spike.
You now have 8/9 mp.
Unknown command.
The helpless hobgoblin fails to defend itself.
You tentacle-slap the hobgoblin. You grab the hobgoblin.
You constrict the hobgoblin, but do no damage.
The hobgoblin closely misses you.
You tentacle-slap the hobgoblin.
You kill the hobgoblin!
No target in view!
Your tentacle spike disappears.
You see here a hobgoblin corpse.
You now have 170 gold pieces (gained 15).
You see here a hobgoblin corpse.
A sourceless malevolence fills the Dungeon...
You fall into a shaft and drop 3 floors!
The shaft crumbles and collapses.
MP restored: 9 You see here a +0 falchion.
Found a stone staircase leading down.
Found a stormy altar of Qazlal.
Found an escape hatch in the floor.
You now have 188 gold pieces (gained 18).
You now have 196 gold pieces (gained 8).
A wight comes into view. It is wielding a +3 hand axe.
A wight is nearby!
One of your tentacles grows a vicious spike.
You now have 8/9 mp.
A wight comes into view.
It is wielding a +1 scimitar of freezing.
You barely miss the wight. Your grab misses the wight.
You tentacle-slap the wight, but do no damage.
You tentacle-slap the wight but do no damage.
You grab the wight. You constrict the wight. The wight closely misses you.
Unknown command.
You tentacle-slap the wight but do no damage.
You pierce the wight.
You constrict the wight, but do no damage.
The wight completely misses you.
You tentacle-slap the wight but do no damage.
You pierce the wight, but do no damage.
You squeeze the wight, but do no damage.
You constrict the wight. The wight misses you.
You tentacle-slap the wight but do no damage.
You pierce the wight.
You constrict the wight, but do no damage.
The wight barely misses you.
You tentacle-slap the wight but do no damage.
You constrict the wight, but do no damage.
The wight hits you with a +3 hand axe!
You feel drained.
You take 16 damage, and have 22/37 hp.
MASSIVE DAMAGE!!
You are too injured to fight recklessly!
You are too injured to fight recklessly!
Unknown command.
You tentacle-slap the wight but do no damage.
You pierce the wight.
You constrict the wight, but do no damage.
The wight hits you with a +3 hand axe.
The wight hits you with a +1 scimitar of freezing!
* * * LOW HITPOINT WARNING * * *
You feel drained.
* * * LOW HITPOINT WARNING * * *
The wight freezes you.
* * * LOW HITPOINT WARNING * * *
You take 17 damage, and have 5/35 hp.
MASSIVE DAMAGE!!
You release your grip on the wight.
MP restored: 9 The wight attacks as you move away!
The wight hits you with a +3 hand axe!
You die...

###....#......#..##....##..#
##...................#...
.....................###..
.....................# ...
...≈§.§≈.§§.....#....# ..##
...≈§..≈≈§§.....##... .[.
.≈≈####≈≈§§........# ..
§§≈≈#≈≈......## . .
≈§_≈#.......@z###....
§>§≈§≈≈......z$......
#≈≈≈≈§.....##.........
####§≈....#.#.........
≈≈≈≈...........##...
≈≈...≈..#........ ..
≈.....##.......#. . ###..#
##.##...... !.# .. ##...


You could see 2 wights.

Vanquished Creatures
  A scorpion (D:3)
  A hound (D:4)
  An orc priest (D:3)
  Natasha (twice) (D:3)
  3 gnolls (D:2)
  2 adders
  4 dart slugs
  6 orcs (D:3)
  7 bats
  8 endoplasms
  2 giant cockroaches
  5 goblins
  5 hobgoblins
  7 jackals (D:2)
  4 kobolds
  2 ball pythons (D:2)
  3 frilled lizards
  3 rats
  A spectral goblin (D:3)
67 creatures vanquished.

Notes
Turn   | Place    | Note
-------+----------+-------------------------------------------
     0 | D:1      | OTABOTABOTAB the Octopode Transmuter began the quest for
                  | the Orb.
     0 | D:1      | Reached XP level 1. HP: 13/13 MP: 3/3
   172 | D:1      | Reached XP level 2. HP: 6/18 MP: 5/5
   922 | D:2      | Reached XP level 3. HP: 23/23 MP: 6/6
  1197 | D:2      | Reached skill level 3 in Transmutations
  1205 | D:2      | Reached XP level 4. HP: 20/28 MP: 7/7
  1219 | D:2      | Reached skill level 4 in Unarmed Combat
  1667 | D:2      | Found a faded altar of an unknown god.
  1962 | D:3      | Found an ornate altar of the Wu Jian Council.
  2293 | D:3      | Noticed a scorpion
  2303 | D:3      | Killed a scorpion
  2304 | D:3      | Reached skill level 4 in Transmutations
  2304 | D:3      | Reached XP level 5. HP: 21/33 MP: 6/8
  2341 | D:3      | Learned a level 3 spell: Spider Form
  2347 | D:3      | Learned a level 4 spell: Ice Form
  2402 | D:3      | Found a sparkling altar of Nemelex Xobeh.
  2554 | D:3      | Noticed Natasha
  2560 | D:3      | Killed Natasha
  2569 | D:3      | Reached skill level 1 in Poison Magic
  2569 | D:3      | Reached XP level 6. HP: 33/38 MP: 9/9
  2625 | D:3      | Found a hazy altar of Hepliaklqana.
  2766 | D:4      | Reached skill level 1 in Ice Magic
  2773 | D:4      | Noticed Grinder
  2843 | D:3      | Noticed Natasha
  2847 | D:3      | Killed Natasha
  2882 | D:4      | Reached skill level 5 in Unarmed Combat
  2958 | D:4      | You fall into a shaft and drop 3 floors!
  2993 | D:7      | Found a stormy altar of Qazlal.
  3016 | D:7      | HP: 8/37 [wight/+1 scimitar of freezing (10)]
  3018 | D:7      | Mangled by a wight

Illustrated notes

Levels and vault maps discovered:
D:1:      dpeg_arrival_round_b, layout_basic
D:2:      layout_loops_ring, shapermc_ecumenical_altar_mp_highgroup
D:3:      layout_rooms, mainiacjoe_overflow_catwalk,
          nemelex_diamond_rough_becter, nicolae_hepliaklqana_monster_ancestors,
          uniq_natasha
D:4:      layout_loops_ring, mainiacjoe_overflow_alcove_2, kennysheep_mini_moat,
          uniq_edmund, uniq_grinder
D:7:      layout_cave_pools, nicolae_overflow_crystal_walls,
          nicolae_qazlal_general_emergency, minmay_misc_feat_four_crosses,
          supply_closet_lemuel, minmay_checkerbox

Skill      XL: |  1  2  3  4  5  6 |
---------------+-------------------+-----
Transmutations | 3 4 |  4.4
Unarmed Combat | 4 5 |  5.0
Poison Magic   | 1 |  1.6
Ice Magic      | 1 |  1.3
Fighting       | |  1.0
Dodging        | |  2.0
Spellcasting   | |  2.0

Action                   |  1- 3 |  4- 6 || total
-------------------------+-------+-------++-------
Melee: Unarmed           |    56 |    93 ||   149
       Constrict         |    16 |    27 ||    43
       Tentacles         |    19 |    13 ||    32
       Punch             |     2 |     5 ||     7
       Kick              |     3 |    26 ||    29
Throw: Stone             |     8 |    22 ||    30
 Cast: Beastly Appendage |     2 |    23 ||    25
 Abil: End Transformatio |     1 |    15 ||    16
 Stab: Sleeping          |     7 |     1 ||     8
Armor: Skin              |     8 |     5 ||    13
Dodge: Dodged            |    29 |    60 ||    89

Table legend: (Time is in decaauts)
 A = Elapsed time spent in this place.
 B = Non-inter-level travel time spent in this place.
 C = Inter-level travel time spent in this place.
 D = Time resting spent in this place.
 E = Time spent auto-exploring this place.
 F = Levels seen in this place.
 G = Mean time per level.
                   A        B        C        D        E       F      G
               +--------+--------+--------+--------+--------+-----+--------+
         Total |   3008 |   2883 |    125 |     96 |   2267 |   5 |  601.6 |
       Dungeon |   3008 |   2883 |    125 |     96 |   2267 |   5 |  601.6 |
               +--------+--------+--------+--------+--------+-----+--------+

Top non-repeatable levels by time:
     D:2: 1051 daAuts
     D:3: 871 daAuts
     D:1: 866 daAuts
     D:4: 160 daAuts
     D:7: 59 daAuts

Table legend:
 A = Kills in this place as a percentage of kills in entire the game.
 B = Kills by you in this place as a percentage of kills by you in the entire game.
 C = Kills by friends in this place as a percentage of kills by friends in the entire game.
 D = Other kills in this place as a percentage of other kills in the entire game.
 E = Experience gained in this place as a percentage of experience gained in the entire game.
 F = Experience gained in this place divided by the number of levels of this place that you have seen.
                   A       B       C       D       E      F
               +-------+-------+-------+-------+-------+----------------------
         Total | 100.0 | 100.0 |   N/A |   N/A | 100.0 |  83.8
       Dungeon | 100.0 | 100.0 |   N/A |   N/A | 100.0 |  83.8
               +-------+-------+-------+-------+-------+----------------------
